 Dungeon Crawl Stone Soup version 0.30-a0-867-g305f33218d (webtiles) character file.

Game seed: 17489196088186027968

54156 Dittersdorf the Protected (level 14, -7/96 HPs)
             Began as a Gargoyle Fighter on Mar 10, 2023.
             Was the Champion of Okawaru.
             Mangled by a dire elephant (23 damage)
             ... on level 5 of the Lair of Beasts.
             The game lasted 00:27:40 (19448 turns).

Dittersdorf the Protected (Gargoyle Fighter)       Turns: 19448, Time: 00:27:40

Health: -7/96      AC: 43    Str: 22    XL:     14   Next: 71%
Magic:  14/14      EV:  7    Int: 13    God:    Okawaru [******]
Gold:   4097       SH: 11    Dex:  6    Spells: 13/13 levels left

rFire   + + +      SeeInvis .    F - +4 flail of Woecudix {venom, rF++}
rCold   . . .      Faith    .    c - +0 buckler
rNeg    + + .      Spirit   .    A - +8 plate armour of Anaesthesia {rElec Dex-3 Stlth+}
rPois   ∞          Reflect  +    C - +0 helmet
rElec   +          Rampage  .    z - +0 cloak
rCorr   .                        D - +0 pair of gloves
Will    +....                    y - +2 pair of boots of the Onion {Str-3 Int+4 Slay+3} Stlth
                                 g - amulet of reflection
HPRegen 0.36/turn                q - ring of positive energy
MPRegen 0.14/turn                h - ring of protection from fire

@: flying
A: sickness immunity, AC +10, big wings, negative energy resistance 1,
electricity resistance, torment resistance 1, petrification resistance
a: Renounce Religion, Heroism, Finesse, Duel


You were on level 5 of the Lair of Beasts.
You worshipped Okawaru.
Okawaru was exalted by your worship.
You visited 2 branches of the dungeon, and saw 16 of its levels.

You collected 4097 gold pieces.

Inventory:

Hand Weapons
 F - the +4 flail of Woecudix (weapon) {venom, rF++}
   (You found it on level 11 of the Dungeon)

   rF:        It greatly protects you from fire.
 I - a +2 eveningstar of draining
Missiles
 u - 2 curare-tipped darts (quivered)
 x - 2 throwing nets
Armour
 c - a +0 buckler (worn)
 y - the +2 pair of boots of the Onion (worn) {Str-3 Int+4 Slay+3}
   (Okawaru gifted it to you on level 2 of the Lair of Beasts)

   Str:       It affects your strength (-3).
   Int:       It affects your intelligence (+4).
   Slay:      It affects your accuracy & damage with ranged weapons and melee
   (+3).
 z - a +0 cloak (worn)
 A - the +8 plate armour of Anaesthesia (worn) {rElec Dex-3 Stlth+}
   (You found it on level 7 of the Dungeon)

   Dex:       It affects your dexterity (-3).
   rElec:     It insulates you from electricity.
   Stlth:     It makes you more stealthy.
 C - a +0 helmet (worn)
 D - a +0 pair of gloves (worn)
Jewellery
 g - an amulet of reflection (around neck)
 h - a ring of protection from fire (right hand)
 q - a ring of positive energy (left hand)
Wands
 f - a wand of roots (17)
 s - a wand of flame (19)
 w - a wand of light (11)
Scrolls
 b - 5 scrolls of teleportation
 i - 2 scrolls of silence
 p - a scroll of brand weapon
 E - a scroll of fog
 H - a scroll of poison
 J - a scroll of fear
Potions
 a - a potion of heal wounds
 d - 2 potions of might
 e - 11 potions of curing {unknown}
 k - 2 potions of resistance
 l - 5 potions of lignification {unknown}
 m - 4 potions of flight {unknown}
 n - a potion of haste {unknown}
 o - a potion of berserk rage
 r - 2 potions of mutation
 t - a potion of brilliance
 v - a potion of cancellation {unknown}
 B - a potion of magic


   Skills:
 + Level 14.3 Fighting
 + Level 13.0 Maces & Flails
 + Level 14.4 Armour
 + Level 14.3 Shields


You had 13 spell levels left.
You didn't know any spells.
Your spell library contained the following spells:

 Spells                   Type           Power      Damage    Failure   Level
 Kiss of Death            Conj/Necr      0%         2d5       98%         1
 Magic Dart               Conj           0%         1d3       98%         1
 Sandblast                Erth           0%         2d4       98%         1
 Slow                     Hex            0%         N/A       98%         1
 Sting                    Tmut/Pois      0%         1d3       98%         1
 Ensorcelled Hibernation  Hex/Ice        0%         N/A       99%         2
 Passwall                 Tmut/Erth      0%         N/A       99%         2
 Poisonous Vapours        Pois/Air       0%         N/A       99%         2
 Confusing Touch          Hex            0%         N/A       100%        3
 Mephitic Cloud           Conj/Pois/Air  0%         N/A       100%        3
 Portal Projectile        Hex/Tloc       0%         N/A       100%        3
 Spider Form              Tmut/Pois      0%         N/A       100%        3
 Stone Arrow              Conj/Erth      0%         3d7       100%        3
 Vampiric Draining        Necr           0%         2d6       100%        3
 Anguish                  Hex/Necr       0%         N/A       100%        4
 Dispel Undead            Necr           0%         3d6       100%        4
 Leda's Liquefaction      Hex/Erth       0%         N/A       100%        4
 Olgreb's Toxic Radiance  Pois           0%         N/A       100%        4
 Lehudib's Crystal Spear  Conj/Erth      0%         10d2      100%        8
 Call Imp                 Summ           Unusable   N/A       N/A         2
 Call Canine Familiar     Summ           Unusable   N/A       N/A         3
 Animate Armour           Summ/Erth      Unusable   N/A       N/A         4

Dungeon Overview and Level Annotations

Branches:
Dungeon (11/15)            Temple (0/1) D:5            Lair (5/5) D:11
  Swamp (0/4) Lair:3        Snake (0/4) Lair:2          Orc (0/2) D:9
  Slime: Lair:4-5

Altars:
Cheibriados
Fedhas
Gozag
Okawaru
Qazlal
Trog
Uskayaw
Xom
Jiyva

Shops:
D:6 (   D:7 :   D:8 [

Annotations:
D:3 2 transporters, domi's ghost, amateur DsCj
Lair:5 exclusion: oklob plant


Innate Abilities, Weirdness & Mutations

You are immune to sickness and miasma.
Your stone body is resilient. (AC +10)
You are immune to poison.
Your large and strong wings let you fly.
You resist negative energy. (rN+)
You are resistant to electric shocks. (rElec)
You are resistant to unholy torment.
You are immune to petrification.


Message History

You block the dire elephant's attack.
You sock the dire elephant!
The dire elephant looks as sick as possible!
The dire elephant is almost dead.
You block the dire elephant's attack. The dire elephant barely misses you.
You sock the dire elephant!
The dire elephant looks as sick as possible!
The dire elephant is almost dead.
You kill the dire elephant!
Okawaru accepts your kill.
You hit the dire elephant.
The dire elephant is lightly wounded.
The dire elephant tramples you!
* * * LOW HITPOINT WARNING * * *
You hold your ground!
The dire elephant barely misses you.
You sock the dire elephant!
The dire elephant is lightly wounded.
The dire elephant tramples you but does no damage.
The dire elephant trunk-slaps you!
* * * LOW HITPOINT WARNING * * *
You hit the dire elephant.
The dire elephant is lightly wounded.
You hit the dire elephant but do no damage.
The dire elephant is poisoned.
The dire elephant is lightly wounded.
You block the dire elephant's attack. x2
You feel much better. The dire elephant tramples you!
* * * LOW HITPOINT WARNING * * *
You hold your ground!
You block the dire elephant's attack.
You sock the dire elephant!
The dire elephant looks as sick as possible!
The dire elephant is moderately wounded.
The dire elephant tramples you!
* * * LOW HITPOINT WARNING * * *
You hold your ground!
The dire elephant trunk-slaps you but does no damage.
You hit the dire elephant but do no damage.
The dire elephant is moderately wounded.
The dire elephant tramples you!!
You die...

##.#..##.♣♣
#.P.....P.♣♣##
##..........♣.#
#..#Y.#.#.P...## ##
####'Y#'Y####♣♣..P#
8...8##~~.##8YY..#.[8#
♣♣.♣#
|$...'~≈~.Z'.....#Z..#
##'##
$?...'≈≈≈~p#8.####Z#.#
##)## 8.YY8#≈≈≈≈
####P@Yp#+# #####
######.~~ #....####
p8#### #8.8###.
###.#### ..YY
8P⌠P8#####..P# ..P..8
...........###...
######
#'''########♣......P
..................)
.....#..........#. #.
#..P##...........#
####..


You could see a dire elephant (soul bound, extremely poisoned), a spectral
anaconda and a necromancer.

Vanquished Creatures
  Gastronok (Lair:3)
  Nessos (Lair:4)
  3 dire elephants (Lair:5)
  3 hydras
  A catoblepas (Lair:5)
  9 death yaks
  2 two-headed ogres
  Urug (D:11)
  A spectral dire elephant (Lair:5)
  3 skysharks
  An obsidian statue (Lair:5)
  A lindwurm (Lair:5)
  2 necromancers (Lair:5)
  Pikel (D:8)
  3 cyclopes
  8 elephants
  3 black mambas
  3 torpor snails
  11 cane toads
  A rime drake (Lair:1)
  An efreet (D:8)
  12 komodo dragons
  A dire elephant skeleton (Lair:5)
  2 trolls (D:9)
  2 hornets
  2 polar bears
  4 dream sheep (Lair:3)
  3 blink frogs (Lair:3)
  A spectral elephant (Lair:5)
  4 wyverns
  2 shadows (D:9)
  68 yaks
  A wraith (D:9)
  4 basilisks
  2 steam dragons (D:8)
  A spectral cane toad (Lair:5)
  2 nagas (Lair:2)
  2 acid dragons
  Duvessa (D:5)
  12 water moccasins
  A black bear (D:4)
  11 orc warriors
  An elephant zombie (Lair:5)
  20 wolves
  An ogre (D:11)
  5 centaurs
  An elephant skeleton (Lair:5)
  4 lemures (D:7)
  4 phantoms
  4 kobold brigands
  20 bullfrogs
  3 gnoll sergeants
  A cane toad simulacrum (Lair:5)
  4 scorpions
  8 wights
  Dowan (D:5)
  An elephant simulacrum (Lair:5)
  6 killer bees (D:9)
  2 troll zombies (D:9)
  6 electric eels
  A howler monkey (D:7)
  3 jellies (D:5)
  10 orc priests
  13 iguanas
  12 orc wizards
  4 ogre zombies (D:9)
  8 adders
  14 gnolls
  4 white imps
  2 ufetubi (D:5)
  10 dart slugs (D:3)
  37 orcs
  5 ball pythons
  3 bats
  5 endoplasms
  2 giant cockroaches (D:2)
  3 goblins (D:1)
  3 hobgoblins
  14 jackals
  2 quokkas
  2 frilled lizards (D:2)
  A goblin skeleton (D:9)
  2 goblin zombies (D:9)
  A hobgoblin zombie (D:9)
  10 kobolds
  2 orc skeletons (D:9)
  12 orc zombies (D:9)
  3 rats
478 creatures vanquished.

Vanquished Creatures (others)
  A sky beast (D:8)
  2 bullfrogs (D:8)
  24 fungi
  61 plants
  14 withered plants (Lair:5)
102 creatures vanquished.

Grand Total: 580 creatures vanquished

Notes
Turn   | Place    | Note
-------+----------+-------------------------------------------
     0 | D:1      | Dittersdorf the Gargoyle Fighter began the quest for the
                  | Orb.
     0 | D:1      | Reached XP level 1. HP: 14/14 MP: 1/1
   374 | D:1      | Reached XP level 2. HP: 19/19 MP: 2/2
   588 | D:2      | Reached XP level 3. HP: 10/24 MP: 3/3
   996 | D:2      | Reached XP level 4. HP: 27/29 MP: 4/4
  1329 | D:3      | Found a sparkling altar of Nemelex Xobeh.
  1332 | D:3      | Found a broken altar of Ashenzari.
  1332 | D:3      | Found a white marble altar of Elyvilon.
  1334 | D:3      | Found an iron altar of Okawaru.
  1334 | D:3      | Found a shimmering altar of Xom.
  1334 | D:3      | Found an ornate altar of the Wu Jian Council.
  1558 | D:3      | Reached XP level 5. HP: 33/33 MP: 5/5
  1998 | D:3      | Found a transporter.
  1999 | D:3      | Noticed domi's ghost (amateur DsCj)
  2002 | D:3      | Found a transporter.
  2002 | D:3      | Noticed an ogre
  2003 | D:3      | Noticed an ogre
  2638 | D:4      | Reached XP level 6. HP: 34/39 MP: 6/6
  2699 | D:4      | Noticed a black bear
  2709 | D:4      | Killed a black bear
  2710 | D:4      | Reached skill level 5 in Armour
  2806 | D:4      | Reached skill level 5 in Fighting
  2806 | D:4      | Reached skill level 5 in Shields
  2862 | D:4      | Reached XP level 7. HP: 33/44 MP: 7/7
  2906 | D:4      | Found a bloodstained altar of Trog.
  3183 | D:5      | Entered Level 5 of the Dungeon
  3291 | D:5      | Noticed Duvessa
  3292 | D:5      | Noticed Dowan
  3304 | D:5      | Killed Duvessa
  3306 | D:5      | Killed Dowan
  3470 | D:5      | Identified the +8 quarterstaff of Ymaerim {flame, rC-
                  | Int+4}
  3568 | D:5      | Reached XP level 8. HP: 43/51 MP: 8/8
  3710 | D:5      | Found an iron altar of Okawaru.
  3718 | D:5      | Became a worshipper of Warmaster Okawaru
  3856 | D:5      | Found a staircase to the Ecumenical Temple.
  4553 | D:6      | Found Ucigatua's Antique Weapon Emporium.
  4577 | D:5      | Reached skill level 5 in Maces & Flails
  4875 | D:5      | Reached * piety under Okawaru
  5237 | D:5      | Reached XP level 9. HP: 56/56 MP: 9/9
  5319 | D:5      | Reached ** piety under Okawaru
  5802 | D:7      | Identified the +8 plate armour of Anaesthesia {rElec Dex-3
                  | Stlth+}
  5837 | D:7      | Noticed a hornet
  5856 | D:7      | Killed a hornet
  5897 | D:7      | Found Joud's Self-Improvement Boutique.
  7007 | D:8      | Noticed Pikel
  7016 | D:8      | Killed Pikel
  7043 | D:8      | Reached XP level 10. HP: 44/64 MP: 10/10
  7168 | D:8      | Reached *** piety under Okawaru
  7255 | D:8      | Found Ykkurph's Armour Boutique.
  7342 | D:8      | Found a blossoming altar of Fedhas.
  7819 | D:8      | Noticed a cyclops
  7852 | D:8      | Killed a cyclops
  8160 | D:9      | Noticed a two-headed ogre
  8171 | D:9      | Killed a two-headed ogre
  8242 | D:9      | Reached **** piety under Okawaru
  8357 | D:9      | Noticed a two-headed ogre
  8386 | D:8      | Killed a two-headed ogre
  8451 | D:9      | Reached XP level 11. HP: 59/72 MP: 11/11
  8569 | D:9      | Found a staircase to the Orcish Mines.
  9170 | D:9      | Reached skill level 10 in Fighting
  9170 | D:9      | Reached skill level 10 in Armour
  9217 | D:9      | Identified the +11 dagger of Autumn {venom, Will- Int+5}
  9396 | D:10     | Entered Level 10 of the Dungeon
  9465 | D:9      | Reached skill level 10 in Shields
  9487 | D:9      | Reached ***** piety under Okawaru
  9632 | D:10     | Found an opulent altar of Gozag.
  9632 | D:10     | Found a stormy altar of Qazlal.
  9640 | D:10     | Found a faded altar of an unknown god.
  9642 | D:10     | Found a snail-covered altar of Cheibriados.
  9644 | D:10     | Found a faded altar of an unknown god.
  9954 | D:10     | Found a hide-covered altar of Uskayaw.
 10711 | D:11     | Noticed Urug
 10734 | D:11     | Killed Urug
 10825 | D:11     | Found a staircase to the Lair.
 10941 | D:11     | Noticed a cyclops
 10950 | D:11     | Killed a cyclops
 10950 | D:11     | Identified the +0 pair of boots "Aghomah" {-Cast Fly rElec
                  | rC+} (Okawaru gifted it to you on level 11 of the Dungeon)
 10950 | D:11     | Received a gift from Okawaru
 11102 | D:11     | Identified a scroll of acquirement
 11102 | D:11     | Acquired 1124 gold pieces
 11124 | D:11     | Identified the +4 flail of Woecudix {venom, rF++}
 11620 | D:11     | Reached XP level 12. HP: 72/80 MP: 12/12
 11958 | Lair:1   | Entered Level 1 of the Lair of Beasts
 11971 | Lair:1   | Reached skill level 10 in Maces & Flails
 11984 | Lair:1   | Noticed a death yak
 11984 | Lair:1   | Noticed a death yak
 11984 | Lair:1   | Noticed a death yak
 11985 | Lair:1   | Noticed a death yak
 12012 | D:11     | Killed a death yak
 12081 | Lair:1   | Noticed a death yak
 12082 | Lair:1   | Noticed a death yak
 12106 | D:11     | Killed a death yak
 12118 | D:11     | Killed a death yak
 12261 | D:11     | Killed a death yak
 12292 | D:11     | Killed a death yak
 12309 | D:11     | Killed a death yak
 12463 | Lair:1   | Reached ****** piety under Okawaru
 12480 | Lair:1   | Received a gift from Okawaru
 13012 | Lair:1   | Noticed a skyshark
 13023 | Lair:1   | Killed a skyshark
 13267 | Lair:2   | Received a gift from Okawaru
 13588 | Lair:2   | Noticed a death yak
 13590 | Lair:2   | Noticed a death yak
 13612 | Lair:2   | Killed a death yak
 13625 | Lair:2   | Killed a death yak
 13626 | Lair:2   | Reached XP level 13. HP: 34/86 MP: 13/13
 13866 | Lair:2   | Found a staircase to the Snake Pit.
 13955 | Lair:2   | Acquired 1211 gold pieces
 14200 | Lair:2   | Identified the +2 pair of boots of the Onion {Str-3 Int+4
                  | Slay+3} (Okawaru gifted it to you on level 2 of the Lair of
                  | Beasts)
 14200 | Lair:2   | Received a gift from Okawaru
 15312 | Lair:3   | Noticed Gastronok
 15344 | Lair:3   | Killed Gastronok
 15712 | Lair:3   | Found a staircase to the Swamp.
 16352 | Lair:4   | Acquired 587 gold pieces
 16527 | Lair:4   | Received a gift from Okawaru
 16991 | Lair:4   | Found an iron altar of Okawaru.
 17115 | Lair:4   | Noticed Nessos
 17127 | Lair:4   | Killed Nessos
 17344 | Lair:5   | Entered Level 5 of the Lair of Beasts
 17451 | Lair:4   | Gained mutation: Your large and strong wings let you fly.
                  | [Gargoyle growth]
 17451 | Lair:4   | Reached XP level 14. HP: 94/94 MP: 14/14
 18225 | Lair:5   | Identified the +5 scimitar "Vuix" {heavy, Str+2} (Okawaru
                  | gifted it to you on level 5 of the Lair of Beasts)
 18225 | Lair:5   | Received a gift from Okawaru
 18450 | Lair:5   | Found a viscous altar of Jiyva.
 18853 | Lair:5   | Noticed a dire elephant
 18853 | Lair:5   | Noticed a dire elephant
 18853 | Lair:5   | Noticed a dire elephant
 18853 | Lair:5   | Noticed a dire elephant
 18861 | Lair:5   | Identified the +6 scale mail of Lihietutt {-Tele rPois
                  | rC+++ Dex-2}
 19255 | Lair:5   | Identified the +3 scale mail of Hedge Wizardry {Int+2}
                  | (Okawaru gifted it to you on level 5 of the Lair of Beasts)
 19255 | Lair:5   | Received a gift from Okawaru
 19408 | Lair:5   | Killed a dire elephant
 19426 | Lair:5   | Killed a dire elephant
 19441 | Lair:5   | Killed a dire elephant
 19443 | Lair:5   | HP: 1/96 [dire elephant (9)]
 19448 | Lair:5   | Mangled by a dire elephant

Illustrated notes

Levels and vault maps discovered:
D:1:      minmay_arrival_wavy_path, layout_rooms
D:2:      layout_loops_ring
D:3:      kennysheep_slugbush, layout_loops_ring, doesnt_xom_only_xom,
          gammafunk_ghost_smash, hangedman_decor_clover_reticule
D:4:      layout_basic, lemuel_crystal_altar
D:5:      minmay_skewed_foursquare, layout_cave_pods,
          mainiacjoe_overflow_alcove_1, minmay_temple_entry_hall,
          minmay_checkerbox, uniq_duvessa
D:6:      layout_rooms, serial_shops, nicolae_shop_waterfront,
          nicolae_elevator_lobby_asterisk
D:7:      layout_cave_pools, minmay_misc_feat_roman, nrook_mini_backslash,
          nicolae_shop_self_help
D:8:      nzn_winding_woodlands_cross [nzn_winding_woodlands_5x15_jagged,
          nzn_winding_woodlands_5x15_river_crossing,
          nzn_winding_woodlands_5x15_split_checker,
          nzn_winding_woodlands_5x15_parted,
          nzn_winding_woodlands_15x15_boxy_spiral], layout_basic,
          mainiacjoe_overflow_boulevard, serial_shops, kennysheep_little_box,
          uniq_pikel
D:9:      layout_irregular_city, zombieorc1_lemuel, minmay_misc_feat_cross,
          grunt_decor_arrowhead, serial_bayou_pond_b
D:10:     layout_irregular_city, nicolae_uskayaw_dance_studio,
          chequers_temple_overflow_minitemple,
          amcnicky_mini_rare_corridor_liquid
D:11:     layout_roguey [special_room_orc], david_lair_shrubbed, uniq_urug
Lair:1:   layout_regular_city
Lair:2:   beast_lair_carwin_large_1, layout_chaotic_city,
          guppyfry_snake_entry_island
Lair:3:   layout_cave_pods, minmay_swamp_entry_reptiles, serial_bayou_lagoon_b,
          lemuel_fruit_tree, uniq_gastronok
Lair:4:   layout_regular_city, basic_altar, wad_woods_road_01,
          chequers_serial_rivers_micro_e, serial_bayou_lagoon_a,
          nicolae_quartered_pool_super, uniq_nessos
Lair:5:   due_jungle_book, layout_layer_cave, minmay_slime_entry_oklob_enclosed,
          columned_hall_lemuel, grunt_megastairs_2

Skill      XL: |  1  2  3  4  5  6  7  8  9 10 11 12 13 14 |
---------------+-------------------------------------------+-----
Armour         | 4 5 7 8 9 11 12 13 14 | 14.4
Shields        | 4 5 6 8 9 10 12 13 14 | 14.3
Fighting       | 4 5 6 8 9 11 12 13 14 | 14.3
Maces & Flails | 3 4 5 7 8 9 11 12 13 | 13.0

Action                     |  1- 3 |  4- 6 |  7- 9 | 10-12 | 13-15 || total
---------------------------+-------+-------+-------+-------+-------++-------
  Melee: Flail             |   113 |   157 |   398 |   968 |   823 ||  2459
  Throw: Dart              |       |       |       |     2 |       ||     2
 Invoke: Heroism           |       |       |       |     6 |     6 ||    12
    Use: Scroll            |       |     8 |     5 |    10 |     5 ||    28
         Potion            |       |       |     1 |       |     2 ||     3
 Armour: Scale mail        |    88 |    82 |    52 |       |       ||   222
         Plate armour      |       |       |   301 |   754 |   718 ||  1773
  Dodge: Dodged            |    85 |    65 |   170 |   278 |   255 ||   853
  Block: Buckler           |    88 |    77 |   279 |   589 |   505 ||  1538
         Reflection        |       |     5 |    11 |    13 |     1 ||    30

Table legend: (Time is in decaauts)
 A = Elapsed time spent in this place.
 B = Non-inter-level travel time spent in this place.
 C = Inter-level travel time spent in this place.
 D = Time resting spent in this place.
 E = Time spent auto-exploring this place.
 F = Levels seen in this place.
 G = Mean time per level.
                   A        B        C        D        E       F      G
               +--------+--------+--------+--------+--------+-----+--------+
         Total |  19457 |  18840 |    617 |   3586 |  10866 |  16 | 1216.1 |
       Dungeon |  12464 |  11946 |    518 |   2515 |   6363 |  11 | 1133.1 |
          Lair |   6992 |   6894 |     98 |   1071 |   4503 |   5 | 1398.4 |
               +--------+--------+--------+--------+--------+-----+--------+

Top non-repeatable levels by time:
  Lair:5: 1935 daAuts
  Lair:2: 1850 daAuts
     D:5: 1534 daAuts
     D:9: 1504 daAuts
     D:8: 1495 daAuts
    D:11: 1417 daAuts
    D:10: 1289 daAuts
     D:6: 1259 daAuts
  Lair:3: 1167 daAuts
  Lair:4: 1130 daAuts
     D:3: 997 daAuts
     D:4: 918 daAuts
  Lair:1: 907 daAuts
     D:2: 823 daAuts
     D:7: 669 daAuts
